 Dungeon Crawl Stone Soup version 0.29.1-2-gbd0b4ee654 (webtiles) character file.

Game seed: 9146245832801994353

403 qeuew the Chopper (level 7, -3/54 HPs)
             Began as a Formicid Fighter on Nov 3, 2022.
             Was an Initiate of Hepliaklqana.
             Slain by a black bear (5 damage)
             ... on level 4 of the Dungeon.
             The game lasted 00:04:24 (3987 turns).

qeuew the Chopper (Formicid Fighter)                Turns: 3987, Time: 00:04:25

Health: -3/54      AC:  7    Str: 23    XL:     7   Next: 11%
Magic:  16/16      EV: 10    Int:  7    God:    Hepliaklqana [......]
Gold:   236        SH:  5    Dex: 13    Spells: 6/6 levels left

rFire   + . .      SeeInvis +   a - +0 war axe
rCold   . . .      Faith    .   c - +0 buckler
rNeg    . . .      Spirit   .   b - +0 scale mail
rPois   .          Reflect  .   (helmet unavailable)
rElec   .          Harm     .   (no cloak)
rCorr   .          Rampage  .   (no gloves)
Will    .....                   (no boots)
Stlth   ..........              i - amulet of the acrobat
HPRegen 0.18/turn               e - ring of protection from fire
MPRegen 0.15/turn               h - ring of magical power

@: mighty
A: permanent stasis, dig shafts and tunnels, antennae 3, four strong arms
a: Dig, Shaft Self, Renounce Religion


You were on level 4 of the Dungeon.
You worshipped Hepliaklqana.
Hepliaklqana was noncommittal.
You visited 2 branches of the dungeon, and saw 5 of its levels.

You collected 236 gold pieces.

Inventory:

Hand Weapons
 a - a +0 war axe (weapon)
Armour
 b - a +0 scale mail (worn)
 c - a +0 buckler (worn)
Jewellery
 e - a ring of protection from fire (left hand)
 h - a ring of magical power (right hand)
 i - an amulet of the acrobat (around neck)
Scrolls
 f - 3 scrolls of identify
 g - 2 scrolls of fog
 j - 3 scrolls of poison {unknown}
 k - a scroll of magic mapping {unknown}
 m - a scroll of summoning {unknown}
 n - a scroll of vulnerability {unknown}
Potions
 d - 3 potions of might
 l - a potion of curing


   Skills:
 + Level 4.2 Fighting
 * Level 5.5 Axes
 + Level 4.3 Armour
 + Level 0.9 Dodging
 + Level 0.9 Stealth
 + Level 4.7 Shields


You had 6 spell levels left.
You didn't know any spells.
Your spell library contained the following spells:

 Spells                   Type           Power      Damage    Failure   Level
 Apportation              Tloc           0%         N/A       80%         1
 Necrotise                Necr           0%         1d4       80%         1
 Summon Small Mammal      Summ           0%         N/A       80%         1


Dungeon Overview and Level Annotations

Branches:
Dungeon (4/15)             Temple (1/1) D:4

Altars:
Fedhas
Gozag
Hepliaklqana
Trog
Vehumet
Wu Jian
Xom

Shops:
D:4 !*=*


Innate Abilities, Weirdness & Mutations

You cannot be hasted, slowed, berserked, paralysed or teleported.
You can dig through walls and to a lower floor.
You have a pair of large antennae on your head. (SInv)
Your four strong arms can wield two-handed weapons with a shield.


Message History

The gnoll sergeant closely misses you.
Unknown command.
You slash the black bear!
The black bear is severely wounded.
You closely miss the gnoll sergeant. The black bear barely misses you.
The black bear misses you.
The black bear claws you but does no damage.
The gnoll sergeant hits you with a +3 trident of flaming.
You block the gnoll sergeant's attack. The black bear bites you.
The black bear barely misses you. You block the black bear's attack.
You hit the black bear.
The black bear is severely wounded.
You hit the gnoll sergeant.
The black bear goes berserk!
The gnoll sergeant hits you with a +3 trident of flaming!
* * * LOW HITPOINT WARNING * * *
Unknown command.
You feel very mighty all of a sudden. The black bear misses you.
The black bear claws you.
* * * LOW HITPOINT WARNING * * *
The black bear claws you.
* * * LOW HITPOINT WARNING * * *
The gnoll sergeant hits you but does no damage.
You barely miss the black bear.
The black bear is severely wounded.
You hit the gnoll sergeant but do no damage.
The black bear barely misses you.
The black bear claws you but does no damage.
The black bear barely misses you. The black bear bites you.
* * * LOW HITPOINT WARNING * * *
The black bear barely misses you. The black bear completely misses you.
The gnoll sergeant hits you with a +3 trident of flaming.
* * * LOW HITPOINT WARNING * * *
The black bear bites you.
* * * LOW HITPOINT WARNING * * *
The black bear barely misses you. You block the black bear's attack.
You slash the black bear!
The black bear is almost dead.
You slash the gnoll sergeant! The gnoll sergeant closely misses you.
The black bear bites you.
You die...

# #.# # #.## ##
####..# {{ #$ .#.#
......## .##.# .#.#
##.#...# ..#... ...#
#.....###.##...##...#
####...#..#.....#...#
#...#..#...gh#...#
##...........@..#
##.....########.##
##.......## ##..#
##.........####...##
.+.........+.......#
##.........####...##
##....[....)..#.##
##.....#.))..#.#
##...#........#


You could see a black bear (berserk) and a gnoll sergeant.

Vanquished Creatures
  A black bear (D:4)
  A scorpion (D:4)
  An orc priest (D:3)
  An iguana (D:4)
  3 orc wizards (D:4)
  Robin (D:4)
  5 adders
  10 orcs
  6 ball pythons
  3 endoplasms
  10 goblins (D:4)
  6 hobgoblins
  4 quokkas
  5 bats
  3 frilled lizards (D:1)
  7 kobolds
  2 rats
69 creatures vanquished.

Notes
Turn   | Place    | Note
-------+----------+-------------------------------------------
     0 | D:1      | qeuew the Formicid Fighter began the quest for the Orb.
     0 | D:1      | Reached XP level 1. HP: 18/18 MP: 1/1
   334 | D:1      | Reached XP level 2. HP: 21/24 MP: 2/2
  1314 | D:2      | Reached XP level 3. HP: 23/29 MP: 3/3
  1674 | D:3      | Reached skill level 3 in Axes
  1674 | D:3      | Reached XP level 4. HP: 14/37 MP: 4/4
  1683 | D:3      | Found a faded altar of an unknown god.
  2329 | D:3      | Reached XP level 5. HP: 42/42 MP: 5/5
  2932 | D:4      | Noticed Robin
  2946 | D:4      | Killed Robin
  3115 | D:4      | Noticed a black bear
  3122 | D:4      | Killed a black bear
  3123 | D:4      | Reached skill level 4 in Axes
  3123 | D:4      | Reached XP level 6. HP: 39/48 MP: 6/6
  3405 | D:4      | Found Zereobb's Assorted Antiques.
  3414 | D:4      | Found Epytrof's Assorted Antiques.
  3424 | D:4      | Found a staircase to the Ecumenical Temple.
  3460 | Temple   | Entered the Ecumenical Temple
  3510 | Temple   | Became a worshipper of Hepliaklqana the Forgotten
  3563 | D:4      | Found Usasopp's Distillery.
  3744 | D:4      | Found Hicurphe's Jewellery Shop.
  3753 | D:4      | Reached skill level 5 in Axes
  3871 | D:4      | Reached XP level 7. HP: 38/54 MP: 7/7
  3986 | D:4      | HP: 2/54 [black bear (3)]
  3987 | D:4      | Slain by a black bear

Illustrated notes

Levels and vault maps discovered:
D:1:      lemuel_arrival_rhombus, layout_basic
D:2:      kennysheep_big_flooded_room, layout_basic
D:3:      layout_loops_ring, ebering_ecumenical_altar_rust, chequers_jeans,
          nicolae_titane
D:4:      layout_loops_corners, temple_statues, serial_shops,
          nicolae_shop_advertising_works [nicolae_subvault_shop_adworks],
          nicolae_shop_overgrown_old_shop, shop, nicolae_square_shop,
          minmay_unequal, uniq_robin
Temple:   kb_temple_of_zot

Skill      XL: |  1  2  3  4  5  6 |
---------------+-------------------+-----
Axes           | 3 4 5 |  5.5
Armour         | 4 |  4.3
Fighting       | 4 |  4.2
Dodging        | |  0.9
Stealth        | |  0.9
Shields        | |  4.7

Action                   |  1- 3 |  4- 6 |  7- 9 || total
-------------------------+-------+-------+-------++-------
Melee: War axe           |    58 |   145 |    11 ||   214
  Use: Scroll            |     6 |       |       ||     6
       Potion            |       |       |     1 ||     1
Armor: Scale mail        |    32 |    77 |     6 ||   115
Dodge: Dodged            |    43 |    85 |    21 ||   149
Block: Buckler           |    16 |    38 |    10 ||    64
